Map: Black Site 2E

Players

Rafa - Winner!

  • Race: Zerg Zerg
  • League: Silver
  • Spawn Location: 3:00

JGCapistran - Winner!

  • Race: Zerg Zerg
  • Spawn Location: 5:00

WeroDeBatall - Winner!

  • Race: Protoss Protoss
  • Spawn Location: 6:00

Infamous

  • Race: Protoss Protoss
  • League: Silver
  • Spawn Location: 9:00

CROCODILE

  • Race: Protoss Protoss
  • Spawn Location: 11:00

overlord

  • Race: Zerg Zerg
  • Spawn Location: 12:00

VOD

Have the link to the VOD?

Description

Time

  • Played on: April 4, 2018, 2:04 p.m.
  • Length: 18:39
Show
View Real Time Build Order
Export as new Build Order

Rafa Zerg - Winner!

Build Orders: Pool First, Lurkers 

Get SALT Encoding   

  12  0:03  Drone  
  13  0:09  Drone  
  14  0:19  Extractor  
  14  0:20  Drone  
  14  0:22  Extractor  
  14  0:23  Drone  
  16  0:40  Spawning Pool  
  15  0:44  Overlord  
  15  0:47  Extractor  
  14  0:50  Extractor  
  14  0:51  Drone  
  16  1:03  Drone x2  
  18  1:10  Extractor  
  17  1:25  Hatchery  
  16  1:28  Zergling x4  
  16  1:30  Zergling x2  
  19  1:43  Overlord  
  19  1:56  Queen  
  19  1:59  Drone  
  22  2:02  Drone  
  23  2:12  Drone  
  25  2:22  Drone  
  25  2:30  Extractor  
  24  2:38  Zergling x4  
  27  3:05  Zergling x4  
  27  3:06  Zergling x4  
  27  3:08  Metabolic Boost  
  27  3:11  Queen  
  29  4:11  Drone x7  
  30  4:24  Zergling x2  
  30  4:25  Zergling x6  
  34  4:38  Zergling x4  
  36  4:41  Overlord  
  36  4:42  Overlord  
  36  5:04  Zergling x8  
  36  5:05  Zergling x4  
  42  5:08  Lair  
  41  5:18  Hatchery  
  38  5:21  Zergling x8  
  38  5:26  Drone  
  38  5:27  Drone x4  
  46  5:50  Drone  
  46  5:51  Drone x3  
  46  5:54  Overlord  
  46  5:55  Overlord x2  
  50  5:59  Drone  
  50  6:00  Drone  
  50  6:03  Pneumatized Carapace  
  48  6:11  Extractor  
  48  6:12  Extractor  
  43  6:23  Zergling x2  
  43  6:24  Zergling x10  
  49  6:35  Queen  
  48  6:48  Drone  
  48  6:49  Drone x7  
  56  7:11  Hydralisk Den  
  56  7:13  Spire  
  54  7:17  Infestation Pit  
  54  7:18  Drone x2  
  54  7:19  Drone x6  
  54  7:20  Drone x4  
  65  8:01  Zergling x4  
  65  8:02  Zergling x14  
  65  8:03  Zergling x6  
  65  8:04  Evolution Chamber  
  74  8:07  Evolution Chamber  
  74  8:08  Evolution Chamber  
  72  8:15  Drone x4  
  76  8:25  Spore Crawler  
  73  8:31  Spore Crawler  
  73  8:33  Spine Crawler  
  70  8:36  Spine Crawler  
  70  8:37  Spine Crawler  
  70  8:39  Spine Crawler  
  67  8:43  Spore Crawler x2  
  65  8:50  Drone  
  65  8:51  Drone x2  
  65  8:52  Drone x6  
  65  8:53  Drone x3  
  77  8:57  Extractor  
  73  9:03  Extractor  
  70  9:14  Hydralisk x4  
  70  9:15  Hydralisk x2  
  72  9:38  Drone, Hydralisk, Spine Crawler  
  73  9:39  Hydralisk x4  
  73  9:40  Spine Crawler  
  73  9:44  Spine Crawler  
  80  9:48  Overlord x5  
  80  9:49  Overlord x2  
  80  10:01  Spine Crawler  
  80  10:04  Spine Crawler  
  78  10:20  Lurker Den  
  77  10:24  Roach Warren  
  76  10:28  Hydralisk  
  76  10:29  Hydralisk x6  
  76  10:30  Hydralisk x3  
  76  10:31  Zergling x6  
  76  10:32  Zergling x4  
  101  10:45  Zerg Ground Armor Level 1  
  101  10:46  Zerg Missile Weapons Level 1  
  101  10:48  Zerg Melee Weapons Level 1  
  101  10:50  Grooved Spines  
  101  10:51  Hydralisk x3  
  107  11:01  Drone x2  
  107  11:03  Drone x4  
  113  11:04  Drone  
  114  11:49  Roach  
  114  11:50  Roach x3  
  114  11:52  Overlord x7  
  122  12:15  Muscular Augments  
  122  12:24  Overlord x3  
  122  12:26  Roach x6  
  122  12:28  Hatchery, Glial Reconstitution  
  72  13:00  Hydralisk x6  
  72  13:01  Hydralisk x3  
  72  13:04  Hydralisk x5  
  72  13:05  Hydralisk  
  102  13:33  Lurker x3  
  102  13:34  Lurker x3  
  108  13:36  Hydralisk x5  
  108  13:37  Hydralisk x3  
  65  14:52  Drone x5  
  70  14:53  Drone x7  
  70  14:54  Drone  
  70  14:56  Queen  
  80  15:37  Hydralisk x2  
  80  15:38  Hydralisk x5  
  80  15:39  Hydralisk x4  
  102  15:57  Hatchery  
  95  16:31  Hatchery  
  72  16:59  Mutalisk x5  
  72  17:00  Mutalisk x4  
  82  17:05  Mutalisk x4  
  86  17:34  Hatchery  
  80  17:45  Mutalisk  
  80  17:46  Mutalisk x6  
  80  17:47  Mutalisk x7  
  108  18:28  Hatchery  
Show
View Real Time Build Order
Export as new Build Order

JGCapistran Zerg - Winner!

Build Orders: Pool First 

Get SALT Encoding   

  12  0:15  Drone x2  
  12  0:18  Overlord  
  14  0:35  Extractor  
  13  0:52  Drone  
  13  0:54  Drone  
  13  0:56  Overlord  
  15  1:34  Drone  
  16  1:48  Spawning Pool  
  16  1:52  Extractor  
  16  1:54  Drone x3  
  17  2:11  Overlord  
  17  2:28  Drone  
  17  2:29  Drone  
  19  2:36  Queen  
  21  2:41  Zergling x2  
  22  2:57  Zergling x2  
  23  3:13  Zergling x4, Burrow  
  25  3:42  Metabolic Boost  
  25  3:59  Drone x3  
  28  4:13  Hatchery  
  27  4:21  Extractor  
  26  4:25  Drone  
  26  4:27  Lair  
  26  4:30  Extractor  
  26  4:41  Spine Crawler  
  25  4:56  Drone  
  26  5:11  Evolution Chamber  
  21  5:50  Zergling x2  
  21  5:51  Zergling x6  
  21  5:52  Zergling x2  
  26  5:58  Drone  
  27  6:06  Pneumatized Carapace, Nydus Network  
  26  6:11  Drone x2  
  26  6:12  Drone  
  26  6:13  Queen  
  31  6:47  Zerg Ground Armor Level 1, Hydralisk Den  
  30  6:58  Infestation Pit  
  29  7:05  Spire  
  29  7:06  Drone x3  
  29  7:07  Drone, Zergling x2  
  29  7:08  Zergling x2  
  35  7:15  Drone  
  35  7:16  Drone  
  36  7:26  Overseer  
  36  7:28  Spine Crawler  
  35  7:30  Overseer  
  35  7:33  Lair  
  35  7:34  Drone x3  
  38  8:06  Hydralisk x3  
  44  8:14  Overlord x3  
  44  8:26  Overseer  
  44  8:32  Overseer  
  44  8:41  Zerg Melee Weapons Level 1  
  44  8:45  Drone x3  
  44  8:46  Drone x3  
  50  8:55  Pathogen Glands  
  50  9:06  Lurker Den  
  50  9:08  Zerg Flyer Weapons Level 1  
  49  9:22  Hive  
  49  9:29  Hydralisk x2  
  53  10:10  Overseer  
  53  10:35  Zerg Missile Weapons Level 1  
  53  10:40  Infestor  
  55  10:43  Hydralisk x2  
  59  10:52  Ultralisk Cavern  
  58  11:02  Zerg Flyer Armor Level 1  
  58  11:10  Hatchery  
  57  11:15  Extractor  
  56  11:21  Extractor  
  56  11:23  Spine Crawler  
  54  11:26  Spine Crawler  
  53  11:51  Hydralisk x2  
  53  11:52  Hydralisk x3  
  63  11:59  Overlord x2  
  63  12:14  Hive  
  63  12:19  Ultralisk  
  63  12:20  Ultralisk  
  75  12:25  Hydralisk x2  
  75  12:27  Zergling x2  
  80  12:44  Lair  
  80  12:45  Drone  
  80  12:46  Drone x2  
  83  14:34  Zerg Missile Weapons Level 2  
  83  16:08  Nydus Canal  
  83  16:35  Lurker x2  
  85  16:42  Swarm Host  
  85  16:44  Overlord x2  
  85  16:45  Overlord x2  
  88  17:03  Ultralisk  
  88  17:04  Infestor  
  88  17:05  Hydralisk  
  98  17:27  Zergling x6  
  101  17:39  Zergling x8  
  105  17:44  Hydralisk  
  105  17:50  Hydralisk x2  
  105  17:51  Hydralisk x3  
  111  17:53  Zergling x2  
Show
View Real Time Build Order
Export as new Build Order

WeroDeBatall Protoss - Winner!

Build Orders:  

Get SALT Encoding   

  12  0:04  Probe  
  13  0:23  Probe  
  15  0:35  Probe  
  15  0:40  Pylon  
  15  0:46  Assimilator  
  15  0:49  Assimilator  
  15  0:58  Probe  
  16  1:10  Probe  
  17  1:22  Probe  
  18  1:34  Probe  
  19  1:40  Nexus  
  19  1:46  Probe  
  20  1:56  Gateway  
  20  2:04  Forge  
  20  2:51  Zealot  
  21  3:18  Zealot  
  23  3:30  Nexus  
  23  3:43  Probe  
  23  3:45  Zealot  
  26  3:55  Probe  
  26  3:57  Cybernetics Core  
  27  4:04  Pylon  
  27  4:07  Probe  
  28  4:20  Probe  
  29  4:32  Probe  
  29  4:36  Shield Battery  
  30  4:41  Twilight Council  
  30  4:46  Stargate  
  30  4:52  Assimilator  
  30  4:56  Assimilator  
  30  5:01  Probe  
  30  5:06  Probe  
  32  5:13  Probe x2  
  34  5:18  Probe  
  35  5:25  Probe x2  
  37  5:30  Probe  
  38  5:37  Probe x2  
  38  5:41  Void Ray, Fleet Beacon  
  44  5:43  Probe  
  44  5:49  Probe  
  46  5:55  Probe  
  47  6:00  Assimilator  
  47  6:18  Pylon  
  47  6:21  Pylon  
  47  6:25  Pylon  
  47  6:27  Pylon  
  47  6:32  Pylon  
  47  6:44  Probe  
  48  6:49  Carrier  
  54  6:56  Probe  
  55  7:08  Probe  
  56  7:20  Probe  
  57  7:36  Probe  
  58  7:49  Probe  
  58  7:50  Stargate  
  59  8:00  Stargate  
  59  8:15  Void Ray  
  63  8:39  Carrier  
  69  8:57  Void Ray  
  73  9:04  Probe  
  74  9:16  Probe  
  75  9:23  Void Ray  
  79  9:28  Probe  
  80  9:40  Void Ray  
  84  9:49  Probe  
  85  9:55  Pylon  
  85  10:01  Probe, Pylon  
  85  10:04  Pylon, Void Ray  
  85  10:05  Void Ray  
  94  10:08  Pylon  
  94  10:11  Pylon  
  94  10:23  Void Ray  
  94  10:26  Probe  
  99  10:47  Void Ray  
  99  10:48  Carrier  
  109  10:51  Pylon  
  109  11:06  Carrier  
  109  11:08  Mothership  
  123  11:42  Probe  
  124  11:54  Probe  
  124  11:56  Void Ray  
  129  12:06  Probe  
  130  12:14  Void Ray  
  134  12:18  Probe  
  135  12:32  Void Ray  
  139  12:39  Void Ray  
  143  12:45  Pylon  
  143  12:48  Pylon  
  143  12:51  Pylon  
  143  12:56  Pylon  
  143  12:57  Carrier  
  149  13:00  Pylon  
  149  13:13  Stargate  
  149  13:14  Void Ray  
  153  13:55  Carrier  
  153  13:57  Void Ray  
  163  14:11  Pylon  
  163  14:19  Pylon  
  163  14:23  Pylon, Void Ray  
  167  14:29  Void Ray  
  171  14:40  Carrier  
  177  15:06  Void Ray  
  181  15:12  Void Ray  
  185  15:21  Void Ray  
  189  15:48  Carrier  
  195  16:06  Void Ray  
Show
View Real Time Build Order
Export as new Build Order

Infamous Protoss 

Build Orders:  

Get SALT Encoding   

  12  0:01  Probe  
  13  0:13  Probe  
  14  0:23  Pylon  
  14  0:25  Probe  
  15  0:41  Probe (Chrono Boost)  
  16  0:46  Gateway  
  16  0:53  Probe (Chrono Boost)  
  17  1:02  Probe (Chrono Boost)  
  18  1:07  Assimilator  
  18  1:14  Gateway  
  18  1:18  Probe  
  19  1:30  Probe  
  20  1:38  Cybernetics Core  
  20  1:39  Zealot (Chrono Boost)  
  20  1:43  Probe  
  23  1:59  Pylon  
  23  2:02  Assimilator  
  23  2:17  Probe  
  24  2:24  Warp Gate (Chrono Boost)  
  24  2:29  Probe, Robotics Facility  
  25  2:36  Pylon  
  25  2:41  Probe  
  25  2:44  Stalker (Chrono Boost)  
  28  2:53  Probe  
  28  2:56  Shield Battery  
  29  3:05  Probe  
  30  3:22  Probe  
  30  3:23  Nexus  
  30  3:26  Pylon  
  31  3:29  Observer  
  31  3:34  Probe  
  33  3:44  Twilight Council  
  33  3:47  Stalker  
  35  3:50  Probe  
  36  4:03  Probe  
  36  4:08  Forge  
  37  4:24  Blink  
  37  4:34  Pylon  
  37  4:35  Probe (Chrono Boost), Immortal  
  43  4:40  Probe (Chrono Boost)  
  43  4:47  Probe (Chrono Boost), Stalker  
  43  4:48  Sentry  
  49  4:54  Probe (Chrono Boost)  
  49  5:08  Probe  
  49  5:09  Probe, Gateway x2  
  51  5:21  Probe (Chrono Boost), Photon Cannon  
  51  5:26  Probe (Chrono Boost)  
  51  5:27  Protoss Ground Weapons Level 1  
  53  5:47  Pylon, Assimilator  
  53  5:48  Probe x2  
  55  5:51  Assimilator  
  55  5:58  Gateway x2  
  55  6:00  Gateway  
  55  6:02  Stalker x2  
  59  6:12  Probe x2 (Chrono Boost)  
  61  6:22  Immortal  
  65  6:26  Forge  
  65  6:37  Probe x2, Gateway  
  65  6:39  Charge  
  67  6:50  Robotics Bay  
  67  6:57  Zealot  
  69  7:01  Probe  
  70  7:10  Pylon  
  70  7:12  Pylon  
  70  7:15  Pylon  
  70  7:19  Pylon  
  70  7:28  Probe  
  71  7:35  Zealot x3  
  71  7:36  Zealot x3  
  83  7:37  Sentry  
  83  7:38  Pylon  
  83  7:42  Probe x2  
  87  8:08  Nexus  
  87  8:09  Sentry  
  87  8:10  Stalker  
  87  8:11  Zealot  
  87  8:12  Pylon  
  93  8:13  Pylon  
  93  8:16  Pylon  
  93  8:17  Pylon  
  93  8:33  Extended Thermal Lance  
  92  8:34  Colossus  
  92  8:38  Templar Archives  
  98  8:45  Stalker x3  
  98  8:48  Sentry x3  
  110  8:59  Probe x2  
  112  9:05  Photon Cannon  
  112  9:07  Photon Cannon  
  110  9:10  Photon Cannon  
  110  9:11  Probe  
  101  9:31  Shield Battery  
  101  9:32  Probe x3, Shield Battery  
  101  9:34  Shield Battery  
  101  9:36  Pylon  
  104  9:48  Probe x3  
  107  9:57  Gateway  
  107  9:59  Gateway  
  107  10:00  High Templar x5  
  107  10:01  High Templar x2  
  107  10:03  Gateway  
  107  10:06  Gateway, Protoss Ground Weapons Level 2 (Chrono Boost)  
  121  10:09  Protoss Ground Armor Level 1 (Chrono Boost)  
  121  10:15  Probe x2  
  123  10:33  Assimilator  
  123  10:36  Probe x2  
  123  10:37  Probe, Assimilator  
  123  10:40  Stalker x4  
  123  10:41  Stalker x2  
  123  10:42  Zealot  
  140  10:48  Probe  
  141  10:55  Sentry  
  143  11:14  Probe x3  
  143  11:17  High Templar x2  
  150  11:19  Zealot  
  150  11:20  Zealot x5  
  150  11:21  Zealot  
  164  11:32  Pylon  
  164  11:34  Pylon  
  164  11:38  Pylon  
  164  11:42  Pylon  
  164  11:43  Probe  
  165  11:50  Probe x2  
  165  11:53  High Templar x3  
  165  11:54  High Templar  
  175  11:56  Pylon  
  175  11:59  Probe  
  176  12:08  Protoss Shields Level 1 (Chrono Boost)  
  176  12:15  Pylon  
  176  12:17  Pylon  
  176  12:18  Archon x2  
  176  12:19  Archon x3  
  176  12:20  Archon  
  176  12:26  Pylon  
  176  12:28  Probe x2  
  178  12:30  Pylon  
  153  12:50  Stalker x2  
  153  12:51  Stalker x5  
  149  12:52  Stalker x4  
  149  12:53  Stalker  
  165  12:58  Protoss Ground Weapons Level 3 (Chrono Boost)  
  165  13:13  Photon Cannon  
  165  13:16  Photon Cannon  
  165  13:20  Photon Cannon, High Templar x2  
  165  13:21  High Templar  
  165  13:24  Photon Cannon  
  165  13:25  Sentry  
  173  13:27  Zealot x5  
  173  13:28  Colossus, Zealot  
  173  13:32  Photon Cannon  
  185  13:37  Photon Cannon  
  185  13:39  Photon Cannon  
  191  13:50  High Templar  
  191  13:51  Zealot  
  191  13:52  Zealot x2  
  173  14:18  Stalker x2  
  173  14:19  Stalker x4  
  173  14:20  Stalker x4  
  115  14:31  High Templar  
  103  14:47  Colossus  
  109  15:06  High Templar  
  111  15:10  Robotics Facility, Zealot x4  
  111  15:11  Robotics Facility, Zealot x5  
  111  15:12  Zealot  
  131  15:25  Archon  
  131  15:26  Archon  
  131  15:40  High Templar x2  
  131  15:41  Observer, High Templar  
  138  15:51  Zealot x6  
  138  15:52  Zealot x3  
  140  16:31  High Templar  
  140  16:32  High Templar x4  
  148  16:45  Pylon  
  148  16:47  Pylon  
  148  16:50  Pylon  
  148  16:51  Pylon  
  148  16:53  Pylon  
  148  17:08  Archon x3  
  148  17:13  High Templar  
  148  17:14  High Templar x2  
  154  17:15  Stalker  
  154  17:16  Stalker  
  154  17:18  Zealot x3  
  154  17:19  Zealot x4  
  172  17:34  Archon  
  108  17:48  High Templar x2  
  108  17:50  Stalker  
  100  18:11  Stalker  
  100  18:12  Stalker x4  
Show
View Real Time Build Order
Export as new Build Order

CROCODILE Protoss 

Build Orders:  

Get SALT Encoding   

  12  0:12  Probe  
  13  0:24  Probe  
  14  0:29  Pylon  
  14  0:36  Probe, Pylon  
  15  0:51  Pylon  
  15  1:00  Pylon  
  15  1:15  Probe  
  16  1:27  Probe  
  17  1:41  Nexus  
  17  1:49  Assimilator  
  17  1:56  Gateway  
  17  2:02  Probe, Assimilator  
  18  2:14  Probe  
  18  2:15  Gateway  
  19  2:29  Gateway  
  19  2:44  Zealot  
  21  2:58  Probe  
  20  3:10  Probe  
  17  3:17  Zealot (Chrono Boost)  
  10  3:34  Zealot (Chrono Boost)  
Show
View Real Time Build Order
Export as new Build Order

overlord Zerg 

Build Orders: 3 Hatch before Pool 

Get SALT Encoding   

  12  0:35  Drone  
  13  0:39  Drone  
  14  1:04  Hatchery  
  13  1:55  Hatchery  
  12  2:18  Drone x3  
  15  2:39  Spawning Pool  
  14  2:50  Evolution Chamber  
  13  3:21  Hatchery  
  12  3:27  Zergling x6  
  12  3:30  Zergling x2  
  12  3:31  Zergling x4  
  18  4:11  Zergling x4  
  18  4:15  Overlord  
  18  4:21  Zergling x2  
  18  4:24  Overlord  
  18  4:27  Zergling x2  
  19  4:49  Drone  
  19  4:50  Drone x2  
  22  5:00  Drone x3  
  22  5:04  Zergling x6  
  24  5:23  Zergling x4  
  24  5:24  Zergling x2  
  26  5:36  Zergling x4  
  26  5:37  Zergling x2  
  26  5:40  Zergling x6  
  32  5:50  Drone x2  
  32  5:54  Overlord  
  34  5:58  Overlord  
  6  9:11  Drone x3  
  9  9:32  Hatchery  
  9  9:38  Drone  
  9  9:41  Drone  
  9  9:42  Hatchery  
  9  9:45  Hatchery  
  8  10:10  Spawning Pool  
  7  10:31  Evolution Chamber  
  7  10:35  Drone x3  
  9  11:09  Drone x3  
  12  11:19  Drone x3  
  12  11:22  Drone x3  
  18  11:26  Drone x2  
  18  11:27  Drone  
  21  11:45  Drone x2  
  21  11:46  Drone  
  24  11:54  Zergling x4  
  24  11:55  Zergling x2  
  24  11:59  Zergling x6  
  30  12:02  Zergling x2  
  30  12:03  Zergling x4  
  33  12:23  Zergling x4  
  33  12:24  Zergling x2  
  36  12:30  Zergling x2  
  36  12:31  Zergling x4  
  36  12:34  Zergling x4  
  36  12:35  Zergling x2  
  42  12:38  Zergling x6  
  45  13:03  Zergling x6  
  48  13:08  Zergling x2  
  48  13:09  Zergling x4  
  52  13:12  Zergling x2  
  52  13:13  Zergling x4  
  52  13:16  Zergling x6  
  57  13:51  Drone x3  
  57  13:53  Drone  
  57  13:54  Drone x2  
  63  13:57  Drone  
  63  14:02  Overlord x3  
  31  15:31  Extractor  
  31  15:32  Extractor  
  31  15:33  Extractor  
  31  15:35  Extractor  
  27  15:37  Drone  
  27  15:41  Extractor  
  27  15:47  Extractor  
  27  15:48  Extractor  
  25  16:11  Extractor  
  24  16:14  Drone x3  
  24  16:17  Drone x3  
  30  16:22  Drone x2  
  30  16:23  Drone  
  33  16:26  Drone x3  
  36  16:38  Lair  
  36  16:53  Drone x3  
  39  16:57  Drone  
  39  16:58  Drone x2  
  42  17:03  Drone x3  
  42  17:06  Drone x3  
  48  18:02  Drone  
  48  18:03  Drone x2  
  51  18:05  Drone  
  51  18:06  Drone x2  
Tags
 
Add a new tag
Caveats
  • Supply blocks, unpowered buildings, or Contaminate may cause inaccurate times.
  • Supply counts are checked every 10 seconds.